 Dungeon Crawl Stone Soup version 0.28.0 (webtiles) character file.

Game seed: 4895183895825320720

86 croobank the Firebug (level 4, -7/21 HPs)
             Began as a Vine Stalker Fire Elementalist on Feb 4, 2022.
             Mangled by a wyvern skeleton (10 damage)
             ... on level 4 of the Dungeon.
             The game lasted 00:10:16 (3512 turns).

croobank the Firebug (VSFE)                         Turns: 3512, Time: 00:10:17

Health: -7/21      AC:  4    Str:  8 (11) XL:     4   Next: 50%
Magic:  0/9        EV: 12    Int: 14 (17) God:
Gold:   166        SH:  0    Dex: 13 (14) Spells: 5/8 levels left

rFire   . . .      SeeInvis .   a - +3 dagger (venom)
rCold   . . .      Faith    .   (no shield)
rNeg    . . .      Spirit   +   j - +1 robe
rPois   .          Reflect  .   (no helmet)
rElec   .          Harm     .   t - +0 cloak
rCorr   +          Rampage  .   (no gloves)
Will    .....                   (no boots)
Stlth   ++........              (no amulet)
HPRegen 0.87/turn               m - ring of resist corrosion
MPRegen 0.11/turn               (no ring)

@: attractive
A: fangs 2, regeneration 1, magic shield, antimagic bite, no potion heal 2
a: no special abilities


You were on level 4 of the Dungeon.
You visited 1 branch of the dungeon, and saw 4 of its levels.

You collected 166 gold pieces.

Inventory:

Hand Weapons
 a - a +3 dagger of venom (weapon)
 b - a +0 hunting sling
 c - a +0 hand axe
 e - a +0 rapier
 n - a +0 dagger
Missiles
 f - 124 stones
 l - 2 poisoned darts
 r - 21 bolts
Armour
 d - a +0 scale mail
 h - a +0 plate armour
 j - a +1 robe (worn)
 s - a +0 ring mail
 t - a +0 cloak (worn)
Jewellery
 m - a ring of resist corrosion (left hand)
Scrolls
 i - a scroll of fog {unknown}
 p - a scroll of teleportation {unknown}
 q - a scroll of amnesia {unknown}
Potions
 g - a potion of might
 k - a potion of degeneration


   Skills:
 + Level 0.1 Fighting
 + Level 1.9 Dodging
 + Level 3.1 Stealth
 + Level 2.9 Spellcasting
 + Level 1.4 Conjurations
 + Level 4.0 Fire Magic


You had 5 spell levels left.
You knew the following spells:

 Your Spells              Type           Power      Damage    Failure   Level
a - Foxfire               Conj/Fire      36%        2x1d5     7%          1
b - Scorch                Fire           26%        2d6       6%          2

Your spell library contained the following spells:

 Spells                   Type           Power      Damage    Failure   Level
 Animate Skeleton         Necr           4%         N/A       22%         1
 Apportation              Tloc           4%         N/A       22%         1
 Summon Small Mammal      Summ           8%         N/A       22%         1
 Conjure Flame            Conj/Fire      9%         6-21      22%         3
 Inner Flame              Hex/Fire       7%         N/A       28%         3
 Flame Wave               Conj/Fire      9%         2d5       56%         4


Dungeon Overview and Level Annotations

Branches:
Dungeon (4/15)
 Temple: D:4-7

Altars:
Okawaru


Innate Abilities, Weirdness & Mutations

You have extremely sharp teeth.
Your natural rate of healing is unusually fast.
When hurt, damage is shared between your health and your magic reserves.
Your bite disrupts and absorbs the magic of your enemies.
Potions cannot restore your health.


Message History

Flames lash the dart slug.
The dart slug is severely wounded.
The dart slug's fire resistance burns away.
You hear a shout! x2
The wyvern skeleton barely misses you.
You hear a shout!
Casting: Scorch (safe; 4% risk of failure)
Confirm with . or Enter, or press ? or * to list all spells.
Flames lash the wyvern skeleton.
The wyvern skeleton is heavily damaged.
The wyvern skeleton's fire resistance burns away.
The wyvern skeleton bites you.
A kobold comes into view. It is wielding a +0 short sword.
A kobold comes into view. It is wielding a +0 dagger of draining.
The wyvern skeleton bites you!
* * * LOW HITPOINT WARNING * * *
The wyvern skeleton barely misses you.
It was a potion of degeneration.
There was something very wrong with that liquid.
You feel weakened.
You feel dopey.
You feel clumsy.
The wyvern skeleton is no longer more vulnerable to fire.
The wyvern skeleton closely misses you.
It was a potion of attraction.
You feel attractive to monsters. The wyvern skeleton bites you.
* * * LOW HITPOINT WARNING * * *
The wyvern skeleton barely misses you. The kobold is attracted toward you.
The dart slug is attracted toward you. The kobold is attracted toward you. x2
The kobold is attracted toward you. The wyvern skeleton bites you.
* * * LOW HITPOINT WARNING * * *
The kobold is attracted toward you. x2
The kobold is attracted toward you. The dart slug is attracted toward you.
The kobold is attracted toward you.
You hit the kobold.
The kobold is poisoned.
You bite the kobold. You drain its power.
You feel invigorated.
The kobold is heavily wounded.
The wyvern skeleton bites you!
You die...

#...# #...# #...# #...#
....#.# #...# .. ......#
#...# #... ......#
#...##.....
#.....########..@.......
##......##....KZK.......
##.##........§w§.....###
.............§.....#.#
.............§.....# #
...................#
...................#
..##.#.##.###.####...
..##.#.##.###.####....


You could see a dart slug, 2 kobolds and a wyvern skeleton.

Vanquished Creatures
  3 adders
  A worm (D:3)
  3 dart slugs
  6 ball pythons
  3 endoplasms
  4 giant cockroaches
  2 goblins
  2 hobgoblins
  3 jackals (D:3)
  3 kobolds
  4 quokkas
  6 bats
  2 frilled lizards
  5 rats
47 creatures vanquished.

Vanquished Creatures (collateral kills)
  6 foxfires (D:3)
6 creatures vanquished.

Vanquished Creatures (others)
  76 foxfires
  9 plants (D:3)
85 creatures vanquished.

Grand Total: 138 creatures vanquished

Notes
Turn   | Place    | Note
-------+----------+-------------------------------------------
     0 | D:1      | croobank the Vine Stalker Fire Elementalist began the quest
                  | for the Orb.
     0 | D:1      | Reached XP level 1. HP: 9/9 MP: 4/4
   474 | D:1      | Reached XP level 2. HP: 8/13 MP: 3/6
   786 | D:1      | Learned a level 2 spell: Scorch
  1059 | D:1      | Reached XP level 3. HP: 15/16 MP: 7/7
  2539 | D:3      | Gained mutation: Your natural rate of healing is unusually
                  | fast. [Vine Stalker growth]
  2539 | D:3      | Reached XP level 4. HP: 21/21 MP: 7/9
  2680 | D:3      | Found a faded altar of an unknown god.
  2930 | D:3      | Reached skill level 4 in Fire Magic
  3090 | D:3      | Found an iron altar of Okawaru.
  3510 | D:4      | HP: 1/21 [wyvern skeleton (5)]
  3512 | D:4      | Mangled by a wyvern skeleton

Illustrated notes

Levels and vault maps discovered:
D:1:      dpeg_arrival_arbitrary_b, layout_loops_ring, st_stairs_3
D:2:      layout_basic, nicolae_underground_beach, uniq_crazy_yiuf_cottage
D:3:      layout_loops_ring, lemuel_round_altar,
          hellmonk_ecumenical_altar_pennies_from_heaven,
          amcnicky_mini_pool_small, serial_bayou_lagoon_a
D:4:      layout_basic, dancing_weapons_uskayaw, minmay_diced_spiral

Skill      XL: |  1  2  3  4 |
---------------+-------------+-----
Stealth        | 3 |  3.1
Fire Magic     | 4 |  4.0
Fighting       | |  0.1
Dodging        | |  1.9
Spellcasting   | |  2.9
Conjurations   | |  1.4

Action                   |  1- 3 |  4- 6 || total
-------------------------+-------+-------++-------
Melee: Unarmed           |    13 |       ||    13
       Bite              |     7 |     1 ||     8
       Rapier            |     3 |       ||     3
       Dagger            |       |     5 ||     5
 Cast: Foxfire           |    38 |    17 ||    55
       Scorch            |     6 |     7 ||    13
  Use: Scroll            |     5 |       ||     5
       Potion            |       |     2 ||     2
 Stab: Sleeping          |     1 |     1 ||     2
Armor: Robe              |     7 |     2 ||     9
Dodge: Dodged            |    30 |     8 ||    38
